 Dungeon Crawl Stone Soup version 0.21.1-1-g345015f (webtiles) character file.

73985 Kairos the Cruncher (level 15, -12/95 HPs)
             Began as a Gargoyle Gladiator on Mar 27, 2018.
             Was the Champion of Okawaru.
             Killed from afar by a salamander mystic (17 damage)
             ... with an orb of energy
             ... on level 2 of the Snake Pit.
             The game lasted 01:57:52 (22284 turns).

Kairos the Cruncher (Gargoyle Gladiator)           Turns: 22284, Time: 01:57:52

Health: -12/95     AC: 27    Str: 16    XL:     15   Next: 45%
Magic:  28/28      EV: 18    Int: 12    God:    Okawaru [******]
Gold:   1498       SH:  0    Dex: 24    Spells: 26/32 levels left

rFire    x . .     SeeInvis .   o - +3 lajatang (slice)
rCold    + . .     Gourm    .   (shield currently unavailable)
rNeg     + . .     Faith    .   w - +6 scale mail of Instinct {+Blink rF- Int+2}
rPois    ∞         Spirit   .   S - +0 helmet of the Robin {rC+ Regen+ Str-3 Dex+4}
rElec    +         Reflect  .   (no cloak)
rCorr    .         Harm     .   (no gloves)
MR       +....                  m - +2 pair of boots
Stlth    ++........             W - amulet of Lomn {Regen+ Dex+2}
HPRegen  1.05/turn              h - +3 ring of evasion
MPRegen  0.21/turn              p - +3 ring of dexterity

@: flying
A: big wings, claws 1, rugged brown scales 1, deformed body, negative energy
resistance 1, electricity resistance, unbreathing, petrification resistance, rot
immunity, AC +11
a: Stop Flying, Heroism, Finesse, Renounce Religion, Evoke Blink


You were on level 2 of the Snake Pit.
You worshipped Okawaru.
Okawaru was exalted by your worship.
You were not hungry.

You visited 4 branches of the dungeon, and saw 21 of its levels.
You also visited: Sewer.

You collected 1795 gold pieces.
You spent 297 gold pieces at shops.

Inventory:

Hand Weapons
 a - a cursed -3 dire flail
 o - a +3 lajatang of slicing (weapon)
 C - a +2 quarterstaff of protection
 O - a +4 great mace of holy wrath
 Y - a +2 trident of holy wrath
Missiles
 d - 3 throwing nets
 t - 522 stones
 U - 7 silver javelins (quivered)
Armour
 m - a +2 pair of boots (worn)
 w - the +6 scale mail of Instinct (worn) {+Blink rF- Int+2}
   (You found it on level 8 of the Dungeon)

   It affects your intelligence (+2).
   It makes you vulnerable to fire.
   It lets you blink.
 E - the +1 scale mail of the Little Devil {rF+ Int+4 Dex+3}
   (You bought it in a shop on level 1 of the Snake Pit)

   It affects your intelligence (+4).
   It affects your dexterity (+3).
   It protects you from fire.
 S - the +0 helmet of the Robin (worn) {rC+ Regen+ Str-3 Dex+4}
   (You found it on level 10 of the Dungeon)

   It affects your strength (-3).
   It affects your dexterity (+4).
   It protects you from cold.
   It increases your rate of regeneration.
 T - the +4 leather armour "Efuo" {Slay+3}
   (You found it on level 10 of the Dungeon)

   It affects your accuracy and damage with ranged weapons and melee attacks
   (+3).
Jewellery
 h - a +3 ring of evasion (left claw)
 j - an uncursed ring of protection from cold
 p - a +3 ring of dexterity (right claw)
 y - an uncursed ring of resist corrosion
 A - an uncursed amulet of regeneration
 P - an uncursed ring of protection from magic
 W - the amulet of Lomn (around neck) {Regen+ Dex+2}
   (You found it on level 2 of the Snake Pit)

   [amulet of regeneration]

   It affects your dexterity (+2).
   It increases your rate of regeneration.
 Z - an uncursed ring of see invisible
Wands
 B - a wand of disintegration (39)
 I - a wand of scattershot (8)
 K - a wand of polymorph (15)
 L - a wand of iceblast (40)
 Q - a wand of digging (14)
Scrolls
 e - 9 scrolls of fear
 g - 4 scrolls of enchant armour
 k - 7 scrolls of remove curse
 u - 3 scrolls of fog
 F - 3 scrolls of teleportation
 G - 5 scrolls of magic mapping
 R - a scroll of holy word {unknown}
 X - a scroll of blinking
Potions
 b - a potion of resistance
 c - a potion of ambrosia {unknown}
 i - 8 potions of curing
 l - 5 potions of haste
 n - 2 potions of agility
 r - 6 potions of flight
 x - 2 potions of magic
 z - 3 potions of might
 H - a potion of berserk rage
 J - 3 potions of cancellation
 M - 2 potions of brilliance {unknown}
 N - 4 potions of degeneration {unknown}
 V - 2 potions of invisibility {unknown}
Books
 q - a book of Changes

   Spells                             Type                      Level
   a - Beastly Appendage              Transmutation                1
   b - Sticks to Snakes               Transmutation                2
   c - Spider Form                    Transmutation/Poison         3
   d - Ice Form                       Ice/Transmutation            4
   e - Blade Hands                    Transmutation                5
 D - a book of Transfigurations

   Spells                             Type                      Level
   a - Irradiate                      Conjuration/Transmutation    5
   b - Statue Form                    Transmutation/Earth          6
   c - Hydra Form                     Transmutation                6
   d - Dragon Form                    Transmutation                7
Miscellaneous
 s - a box of beasts
Comestibles
 f - 41 rations


   Skills:
 + Level 10.6 Fighting
 + Level 7.6(11.7) Maces & Flails
 + Level 13.8(14.4) Staves
 - Level 2.0 Throwing
 + Level 7.4 Armour
 + Level 6.8 Dodging
 + Level 3.7 Stealth
 * Level 9.0 Spellcasting
 + Level 8.6 Hexes
 + Level 8.4 Invocations
 + Level 6.8 Evocations


You had 26 spell levels left.
You knew the following spells:

 Your Spells              Type           Power        Failure   Level  Hunger
a - Confuse               Hex            ####....     3%          3    ##.....
b - Sandblast             Erth           #.....       38%         1    None
c - Blink                 Tloc           N/A          52%         2    None


Dungeon Overview and Level Annotations

Branches:
Dungeon (12/15)            Temple (1/1) D:6            Lair (6/6) D:10
 Shoals (0/4) Lair:2        Snake (2/4) Lair:4        Slime (0/5) Lair:6
    Orc: D:9-12

Altars:
Ashenzari
Cheibriados
Dithmenos
Elyvilon
Fedhas
Gozag
Hepliaklqana
Kikubaaqudgha
Makhleb
Nemelex Xobeh
Okawaru
Qazlal
Ru
Sif Muna
Trog
Uskayaw
Vehumet
Wu Jian
Xom
Yredelemnul
Zin
The Shining One

Shops:
Snake:1 *

Annotations:
Lair:4 exclusion: 2 oklob plants
Snake:2 Saint Roka


Innate Abilities, Weirdness & Mutations

You are resistant to torment.
Your stone body is resilient. (AC +11)
You are immune to poison.
Your large and strong wings let you fly indefinitely.
You resist negative energy. (rN+)
You are resistant to electric shocks. (rElec)
You can survive without breathing.
You are immune to petrification.
You are immune to rotting.
You have sharp fingernails.
You are partially covered in rugged brown scales. (AC +1, +3% HP)
Armour fits poorly on your strangely shaped body.


Message History

A salamander comes into view. It is wielding a halberd of chopping.
You are too injured to fight recklessly!
You are too injured to fight recklessly!
The salamander wields an uncursed shortbow of flaming.
It bursts into flame!
The salamander shoots an arrow.
The arrow closely misses you.
The salamander mystic points at you and mumbles some strange words.
The bolt of magma hits you! The lava burns you terribly!
* * * LOW HITPOINT WARNING * * *
The salamander shoots an arrow.
The arrow hits you but does no damage.
You see here an arrow.
The salamander shoots an arrow.
The arrow hits you.
* * * LOW HITPOINT WARNING * * *
The arrow burns you.
* * * LOW HITPOINT WARNING * * *
There is a stone staircase leading up here.
You see here 3 arrows.
The salamander mystic gestures at you while chanting.
The orb of energy hits you!
You die...

.. .... #....
#####............
#................
#####...#.......#....
#...@(....#..........
#....(....#.#........
#....(...............
######N.............#
##NN.............
#.N.###..........
#.#.............>
.N.###(...........
....####....##......


You could see a salamander mystic and 3 salamanders.

Vanquished Creatures
  Rupert (Lair:6)
  A nagaraja (Snake:2)
  Aizul (Snake:1)
  Josephine (Lair:6)
  5 hydras
  A catoblepas (Lair:3)
  2 naga warriors (Snake:2)
  4 anacondas
  2 two-headed ogres
  3 naga sharpshooters
  A salamander mystic (Snake:1)
  4 naga ritualists
  8 mana vipers
  5 salamanders (Snake:2)
  2 guardian serpents (Snake:2)
  8 elephants
  Joseph (D:8)
  19 black mambas
  Maurice (D:8)
  Psyche (D:8)
  6 naga magi
  A merfolk siren (Lair:2)
  23 spiny frogs
  A torpor snail (Lair:6)
  3 rime drakes
  9 komodo dragons
  2 trolls
  A polar bear (Lair:4)
  13 blink frogs
  9 hippogriffs
  4 tyrant leeches
  2 slime creatures (Lair:6)
  7 wraiths
  26 yaks
  The ghost of Lovchig the Covered, an amateur DDFi (D:4)
  A spriggan (D:7)
  A wyvern (Lair:4)
  A hungry ghost (D:11)
  3 basilisks
  6 vampire mosquitoes
  A steam dragon (D:11)
  2 wargs
  13 nagas
  Duvessa (D:5)
  9 water moccasins
  14 porcupines
  10 orc warriors
  2 sky beasts
  An ice beast (D:10)
  4 black bears
  3 ogres
  A phantom (D:7)
  8 centaurs
  32 wolves
  8 crocodiles
  7 big kobolds
  2 gnoll sergeants (D:7)
  28 bullfrogs
  Blork the orc (D:7)
  Dowan (D:5)
  3 scorpions
  4 killer bees (D:11)
  A wight (D:7)
  4 electric eels
  5 howler monkeys
  4 crimson imps
  3 bullfrog zombies
  8 jellies
  A quasit (D:10)
  9 hounds
  5 orc priests
  A bullfrog skeleton (D:7)
  A centaur skeleton (D:5)
  Terence (D:2)
  Natasha (thrice) (D:2)
  13 orc wizards
  6 worker ants
  2 hound skeletons
  2 howler monkey zombies
  A worker ant zombie (D:6)
  6 gnolls
  15 adders
  14 river rats
  2 shadow imps (D:7)
  2 oozes
  An adder skeleton (D:5)
  8 worms
  A dart slug (D:5)
  7 leopard geckos
  44 orcs
  3 ball pythons
  5 bats
  4 giant cockroaches
  5 goblins
  4 hobgoblins
  13 jackals
  16 kobolds
  3 quokkas (D:3)
  6 frilled lizards
  A quokka skeleton (D:9)
  22 rats
598 creatures vanquished.

Vanquished Creatures (others)
  11 fungi
  35 plants
46 creatures vanquished.

Grand Total: 644 creatures vanquished

Notes
Turn   | Place    | Note
-------+----------+-------------------------------------------
     0 | D:1      | Kairos the Gargoyle Gladiator began the quest for the Orb.
     0 | D:1      | Reached XP level 1. HP: 12/12 MP: 1/1
    86 | D:1      | Reached XP level 2. HP: 14/18 MP: 2/2
   798 | D:2      | Reached XP level 3. HP: 21/22 MP: 3/3
   873 | D:2      | Noticed Natasha
   887 | D:2      | Killed Natasha
   887 | D:2      | Reached skill level 1 in Armour
   887 | D:2      | Reached XP level 4. HP: 19/27 MP: 4/4
  1088 | D:2      | Noticed Terence
  1102 | D:2      | Killed Terence
  1507 | D:2      | Noticed Natasha
  1515 | D:2      | Killed Natasha
  1515 | D:2      | Reached XP level 5. HP: 25/32 MP: 5/5
  1549 | D:2      | Noticed Natasha
  1554 | D:2      | Killed Natasha
  1764 | D:3      | Reached skill level 1 in Stealth
  2037 | D:3      | Reached XP level 6. HP: 37/37 MP: 6/6
  2064 | D:3      | Reached skill level 5 in Maces & Flails
  2103 | D:3      | Found a glowing drain.
  2107 | Sewer    | Entered a sewer
  2372 | Sewer    | Reached XP level 7. HP: 41/41 MP: 7/7
  2777 | Sewer    | Learned a level 3 spell: Confuse
  3176 | D:4      | Reached XP level 8. HP: 45/48 MP: 8/8
  3200 | D:4      | Noticed Lovchig's ghost (amateur DDFi)
  3221 | D:4      | Killed Lovchig's ghost
  3221 | D:4      | Reached skill level 1 in Spellcasting
  3221 | D:4      | Reached skill level 1 in Hexes
  3983 | D:4      | Found a deep blue altar of Sif Muna.
  4068 | D:5      | Entered Level 5 of the Dungeon
  4094 | D:5      | Reached skill level 1 in Staves
  4102 | D:5      | Noticed Duvessa
  4102 | D:5      | Noticed Dowan
  4128 | D:5      | Killed Duvessa
  4128 | D:5      | Reached skill level 2 in Staves
  4139 | D:5      | Killed Dowan
  4139 | D:5      | Reached skill level 5 in Fighting
  4158 | D:5      | Identified the Disquisition on Evil Fire
  4221 | D:5      | Reached XP level 9. HP: 47/54 MP: 12/12
  4266 | D:5      | Found a sparkling altar of Nemelex Xobeh.
  4516 | D:5      | Reached skill level 3 in Staves
  4983 | D:6      | Reached skill level 4 in Staves
  5454 | D:6      | Reached skill level 5 in Staves
  5674 | D:6      | Found a staircase to the Ecumenical Temple.
  5737 | Temple   | Entered the Ecumenical Temple
  5871 | Temple   | Became a worshipper of Warmaster Okawaru
  6453 | D:7      | Reached skill level 6 in Staves
  6453 | D:7      | Reached XP level 10. HP: 58/59 MP: 15/15
  6481 | D:7      | Noticed Blork the orc
  6504 | D:7      | Killed Blork the orc
  6548 | D:7      | Reached * piety under Okawaru
  7304 | D:8      | Noticed Psyche
  7319 | D:8      | Killed Psyche
  7361 | D:8      | Noticed a two-headed ogre
  7385 | D:8      | Noticed a two-headed ogre
  7386 | D:8      | Killed a two-headed ogre
  7386 | D:8      | Reached ** piety under Okawaru
  7386 | D:8      | Reached skill level 7 in Staves
  7386 | D:8      | Reached skill level 5 in Armour
  7386 | D:8      | Reached skill level 1 in Invocations
  7386 | D:8      | Reached skill level 1 in Evocations
  7393 | D:8      | Noticed Maurice
  7634 | D:8      | Paralysed by Maurice for 7 turns
  7650 | D:8      | Paralysed by something for 3 turns
  8171 | D:8      | Got a brightly glowing scale mail
  8182 | D:8      | Identified the +6 scale mail of Instinct {+Blink rF- Int+2} (You found it on level 8 of the Dungeon)
  8186 | D:8      | Noticed Joseph
  8199 | D:8      | Killed Joseph
  8302 | D:8      | Paralysed by Maurice for 7 turns
  8321 | D:8      | Killed Maurice
  8321 | D:8      | Reached *** piety under Okawaru
  8321 | D:8      | Reached skill level 5 in Hexes
  8467 | D:8      | Reached XP level 11. HP: 64/66 MP: 18/18
  8671 | D:9      | Reached skill level 8 in Staves
  9306 | D:10     | Entered Level 10 of the Dungeon
  9408 | D:10     | Learned a level 1 spell: Sandblast
  9434 | D:10     | Got a jewelled helmet
  9436 | D:10     | Got a bronze leather armour
  9448 | D:10     | Identified the +0 helmet of the Robin {rC+ Regen+ Str-3 Dex+4} (You found it on level 10 of the Dungeon)
  9458 | D:10     | Identified the +4 leather armour "Efuo" {Slay+3} (You found it on level 10 of the Dungeon)
  9556 | D:10     | Noticed a two-headed ogre
  9578 | D:10     | Reached **** piety under Okawaru
  9591 | D:10     | Killed a two-headed ogre
  9591 | D:10     | Reached skill level 5 in Spellcasting
  9662 | D:10     | Found a staircase to the Lair.
 10288 | D:11     | Noticed a seven-headed hydra
 10306 | D:11     | Killed a seven-headed hydra
 10306 | D:11     | Reached ***** piety under Okawaru
 10326 | D:11     | Reached skill level 9 in Staves
 10392 | D:11     | Received a gift from Okawaru
 11133 | Lair:1   | Entered Level 1 of the Lair of Beasts
 11253 | Lair:1   | You fall through a shaft!
 11344 | Lair:1   | Received a gift from Okawaru
 11344 | Lair:1   | Reached XP level 12. HP: 15/72 MP: 13/20
 11630 | Lair:1   | Got a translucent flail
 11631 | Lair:1   | Identified the +7 flail "Koirhep" {pain, -Tele rC++ Str+8} (You found it on level 1 of the Lair of Beasts)
 11703 | Lair:1   | Reached skill level 5 in Invocations
 11961 | Lair:1   | Received a gift from Okawaru
 12416 | Lair:2   | Reached skill level 10 in Staves
 12473 | Lair:2   | Noticed a four-headed hydra
 12488 | Lair:2   | Killed a four-headed hydra
 12557 | Lair:2   | Noticed a four-headed hydra
 12588 | Lair:2   | Killed a four-headed hydra
 12736 | Lair:2   | Learned a level 2 spell: Blink
 12963 | Lair:2   | Reached skill level 5 in Evocations
 13118 | Lair:2   | Found a staircase to the Shoals.
 13172 | Lair:2   | Received a gift from Okawaru
 13668 | Lair:3   | Reached XP level 13. HP: 78/78 MP: 22/22
 13710 | Lair:3   | Reached skill level 5 in Dodging
 13767 | Lair:3   | Reached ****** piety under Okawaru
 14427 | Lair:4   | Reached skill level 11 in Staves
 14789 | Lair:4   | Found a staircase to the Snake Pit.
 15343 | Lair:5   | Identified a scroll of acquirement
 15959 | Lair:6   | Entered Level 6 of the Lair of Beasts
 16189 | Lair:6   | Received a gift from Okawaru
 16588 | Lair:6   | Received a gift from Okawaru
 16588 | Lair:6   | Gained mutation: Your large and strong wings let you fly indefinitely. [Gargoyle growth]
 16588 | Lair:6   | Reached XP level 14. HP: 32/86 MP: 18/25
 17025 | Lair:5   | Reached skill level 12 in Staves
 17163 | Lair:6   | Noticed Josephine
 17189 | Lair:6   | Killed Josephine
 17314 | Lair:6   | Found a staircase to the Slime Pits.
 17335 | Lair:6   | Noticed Rupert
 17726 | Lair:6   | Killed Rupert
 18240 | Lair:2   | Gained mutation: You are resistant to hostile enchantments. (MR+) [potion of mutation]
 18240 | Lair:2   | Lost mutation: You are resistant to hostile enchantments. (MR+) [potion of mutation]
 18240 | Lair:2   | Gained mutation: You have a pair of small antennae on your head. [potion of mutation]
 18241 | Lair:2   | Lost mutation: You have a pair of small antennae on your head. [potion of mutation]
 18241 | Lair:2   | Gained mutation: You do not regenerate when monsters are visible. [potion of mutation]
 18241 | Lair:2   | Gained mutation: You are partially covered in icy blue scales. (AC +2) [potion of mutation]
 18242 | Lair:2   | Lost mutation: You do not regenerate when monsters are visible. [potion of mutation]
 18242 | Lair:2   | Lost mutation: You are partially covered in icy blue scales. (AC +2) [potion of mutation]
 18242 | Lair:2   | Gained mutation: Scrolls take you a little longer to read. [potion of mutation]
 18242 | Lair:2   | Gained mutation: You evolve. [potion of mutation]
 18242 | Lair:2   | Gained mutation: You have sharp fingernails. [potion of mutation]
 18242 | Lair:2   | Gained mutation: You are surrounded by a mild repulsion field. (EV +2) [potion of mutation]
 18243 | Lair:2   | Lost mutation: Scrolls take you a little longer to read. [potion of mutation]
 18243 | Lair:2   | Lost mutation: You evolve. [potion of mutation]
 18243 | Lair:2   | Lost mutation: You are surrounded by a mild repulsion field. (EV +2) [potion of mutation]
 18243 | Lair:2   | Gained mutation: You occasionally shout uncontrollably at your foes. [potion of mutation]
 18243 | Lair:2   | Gained mutation: Your body sometimes deteriorates upon taking damage. [potion of mutation]
 18243 | Lair:2   | Gained mutation: You are resistant to hostile enchantments. (MR+) [potion of mutation]
 18524 | Snake:1  | Entered Level 1 of the Snake Pit
 19065 | Snake:1  | Received a gift from Okawaru
 19367 | Snake:1  | Lost mutation: Your body sometimes deteriorates upon taking damage. [potion of mutation]
 19367 | Snake:1  | Lost mutation: You are resistant to hostile enchantments. (MR+) [potion of mutation]
 19367 | Snake:1  | Gained mutation: Armour fits poorly on your strangely shaped body. [potion of mutation]
 19367 | Snake:1  | Lost mutation: You occasionally shout uncontrollably at your foes. [potion of mutation]
 19367 | Snake:1  | Gained mutation: You are partially covered in rugged brown scales. (AC +1, +3% HP) [potion of mutation]
 19402 | Snake:1  | Noticed Aizul
 19448 | Snake:1  | Killed Aizul
 19489 | Snake:1  | Found Itoonak's Assorted Antiques.
 19506 | Snake:1  | Bought an ancient scale mail for 297 gold pieces
 19516 | Snake:1  | Identified the +1 scale mail of the Little Devil {rF+ Int+4 Dex+3} (You bought it in a shop on level 1 of the Snake Pit)
 20030 | Snake:2  | Reached skill level 13 in Staves
 20076 | Snake:2  | Noticed Saint Roka
 20121 | Snake:2  | Reached skill level 10 in Fighting
 20151 | Snake:1  | Reached XP level 15. HP: 36/94 MP: 1/27
 20935 | Snake:2  | Noticed a nagaraja
 20979 | Snake:2  | Killed a nagaraja
 21208 | Snake:2  | Received a gift from Okawaru
 21530 | Snake:2  | Got a warped garnet amulet
 21635 | Snake:2  | Identified the amulet of Lomn {Regen+ Dex+2} (You found it on level 2 of the Snake Pit)
 21967 | Snake:2  | Received a gift from Okawaru
 22283 | Snake:2  | HP: 4/95 [salamander/arrow (3)]
 22284 | Snake:2  | Killed from afar by a salamander mystic

Skill      XL: |  1  2  3  4  5  6  7  8  9 10 11 12 13 14 15 |
---------------+----------------------------------------------+-----
Throwing       | 2 |  2.0
Armour         | 1 2 3 4 5 6 7 |  7.4
Maces & Flails | 4 5 7 |  7.6
Fighting       | 3 4 5 6 7 8 9 10 | 10.6
Stealth        | 1 2 3 |  3.7
Dodging        | 3 4 5 6 |  6.8
Spellcasting   | 2 3 4 5 6 7 8 9 |  9.0
Hexes          | 2 4 5 6 8 |  8.6
Staves         | 2 6 7 9 10 11 13 | 13.8
Invocations    | 3 4 6 7 8 |  8.4
Evocations     | 2 3 5 6 |  6.8

Action                   |  1- 3 |  4- 6 |  7- 9 | 10-12 | 13-15 || total
-------------------------+-------+-------+-------+-------+-------++-------
Melee: Flail             |    68 |   189 |   223 |       |       ||   480
       Quarterstaff      |       |       |   384 |   975 |  1041 ||  2400
       Morningstar       |       |       |    27 |       |       ||    27
       Lajatang          |       |       |       |   112 |   398 ||   510
Throw: Javelin           |       |       |       |       |     8 ||     8
 Cast: Confuse           |       |       |       |       |     2 ||     2
Invok: Heroism           |       |       |       |     5 |     9 ||    14
       Finesse           |       |       |       |     1 |     4 ||     5
 Abil: Fly               |       |       |       |       |     1 ||     1
Evoke: Wand              |       |       |       |     2 |     1 ||     3
  Use: Scroll            |       |     4 |     7 |     8 |    14 ||    33
       Potion            |       |       |       |       |     7 ||     7
 Stab: Sleeping          |       |     1 |       |     6 |     1 ||     8
       Distracted        |       |       |       |     3 |     2 ||     5
  Eat: Chunk             |       |     5 |    15 |    25 |    19 ||    64
       Ration            |       |       |       |       |     3 ||     3
Armor: Leather armour    |    28 |       |       |   263 |   305 ||   596
       Scale mail        |     6 |    11 |       |   107 |   206 ||   330
       Troll leather arm |       |    48 |    45 |       |       ||    93
       Plate armour      |       |       |   369 |   122 |       ||   491
Dodge: Dodged            |    65 |   133 |   397 |   810 |  1186 ||  2591
